APL (24 & UNDER)
EL PASO TEXANS @ MONTGOMERY GREY SOX
06/17/2026
 
TOP OF THE 1ST
Dunedin Blue Jays batting - Pitching for Montgomery Grey Sox : LHP Orlando Costa
Pitching: LHP Orlando Costa
Batting: LHB Guy Moss 0-0: Called Strike
0-1: Ball
1-1: Called Strike
1-2: Foul Ball, location: 2F
1-2: Ball
2-2: SINGLE (Groundball, 34)
Batting: RHB David Castillo 0-0: SINGLE (Line Drive, 6D)
Guy Moss to second
Batting: RHB Keith Ivey 0-0: Swinging Strike
0-1: Ball
1-1: Foul Ball, location: 2F
1-2: Fly out, F7 (Line Drive, 78M)
Batting: RHB Gilberto Tovar 0-0: Called Strike
0-1: Swinging Strike
0-2: Ball
1-2: Strikes out swinging
Batting: RHB Fernando Bórquez 0-0: Ground out U3 (Groundball, 3)
Top of the 1st over - 0 run(s), 2 hit(s), 0 error(s), 2 left on base; Dunedin 0 - Montgomery 0
BOTTOM OF THE 1ST
Montgomery Grey Sox batting - Pitching for Dunedin Blue Jays : RHP Firmino Orsi
Pitching: RHP Firmino Orsi
Batting: RHB José Montoya 0-0: Ball
1-0: Ball
2-0: Called Strike
2-1: Foul Ball, location: 2F
2-2: Ball
3-2: Base on Balls
Batting: RHB Rusty Downy 0-0: Ball
1-0: Ball
2-0: SINGLE (Groundball, 4M)
José Montoya to second
Runner from 2nd tries for 3rd, SAFE, throw made to third
Batting: RHB Félix Cruz 0-0: Ball
1-0: Called Strike
1-1: Ball
2-1: Foul Ball, location: 2F
2-2: Foul Ball, location: 2F
2-2: Ball
3-2: Base on Balls
Rusty Downy to second
Batting: LHB Al Gaines 0-0: Called Strike
0-1: Ball
1-1: Ball
2-1: Foul Ball, location: 2F
2-2: SINGLE (Line Drive, 4MD)
José Montoya scores
Rusty Downy to third
Félix Cruz to second
Runner from 3rd tries for Home, SAFE, no throw or cutoff
Batting: RHB Bob Johnson 0-0: Grounds into double play, 5-4-3 (Groundball, 5)
Félix Cruz to third
Batting: SHB Hoyt Norris 0-0: Ground out 5-3 (Groundball, 5)
Bottom of the 1st over - 2 run(s), 2 hit(s), 0 error(s), 1 left on base; Dunedin 0 - Montgomery 2
TOP OF THE 2ND
Dunedin Blue Jays batting - Pitching for Montgomery Grey Sox : LHP Orlando Costa
Batting: RHB José Murillo 0-0: Called Strike
0-1: Swinging Strike
0-2: Strikes out swinging
Batting: SHB Richard Griffin 0-0: Swinging Strike
0-1: Ball
1-1: Foul Ball, location: 2F
1-2: Foul Ball, location: 2F
1-2: Strikes out swinging
Batting: LHB Roberto Félix 0-0: Ball
1-0: Ball
2-0: Called Strike
2-1: Foul Ball, location: 2F
2-2: Strikes out swinging
Top of the 2nd over - 0 run(s), 0 hit(s), 0 error(s), 0 left on base; Dunedin 0 - Montgomery 2
BOTTOM OF THE 2ND
Montgomery Grey Sox batting - Pitching for Dunedin Blue Jays : RHP Firmino Orsi
Batting: SHB Joe Pierce 0-0: Ball
1-0: Ground out 3-1 (Groundball, 34S)
Batting: RHB José Carlos Caraballo 0-0: Swinging Strike
0-1: Ball
1-1: Ball
2-1: Foul Ball, location: 2F
2-2: Ground out 4-3 (Groundball, 4)
Batting: RHB Sergio Gonzáles 0-0: SINGLE (Groundball, 56D) (infield hit)
Batting: RHB José Montoya 0-0: Ground out 1-3 (Groundball, 13S)
Bottom of the 2nd over - 0 run(s), 1 hit(s), 0 error(s), 1 left on base; Dunedin 0 - Montgomery 2
TOP OF THE 3RD
Dunedin Blue Jays batting - Pitching for Montgomery Grey Sox : LHP Orlando Costa
Batting: RHB Rafael Carreón 0-0: Called Strike
0-1: Hit by Pitch
Batting: LHB Guy Moss 0-0: Ball
1-0: SINGLE (Groundball, 56D) (infield hit)
Rafael Carreón to second
Batting: RHB David Castillo 0-0: Called Strike
0-1: SINGLE (Line Drive, 7LS)
Rafael Carreón to third
Guy Moss to second
Batting: RHB Keith Ivey 0-0: Ball
1-0: Foul Ball, location: 2F
1-1: Ball
2-1: Foul Ball, location: 2F
2-2: Fly out, F8 (Flyball, 8LM)
Batting: RHB Gilberto Tovar 0-0: Ball
1-0: Called Strike
1-1: Fly out, F6 (Line Drive, 6)
Batting: RHB Fernando Bórquez 0-0: SINGLE (Line Drive, 89S)
Rafael Carreón scores
Guy Moss to third
David Castillo to second
Runner from 3rd tries for Home, SAFE, no throw or cutoff
Batting: RHB José Murillo 0-0: Foul Ball, location: 2F
0-1: Foul Ball, location: 2F
0-2: SINGLE (Line Drive, 56)
David Castillo to third
Fernando Bórquez to second
Batting: SHB Richard Griffin 0-0: Ground out 4-3 (Groundball, 4)
Top of the 3rd over - 2 run(s), 4 hit(s), 0 error(s), 3 left on base; Dunedin 2 - Montgomery 2
BOTTOM OF THE 3RD
Montgomery Grey Sox batting - Pitching for Dunedin Blue Jays : RHP Firmino Orsi
Batting: RHB Rusty Downy 0-0: Ball
1-0: Foul Ball, location: 2F
1-1: Ball
2-1: Ball
3-1: Base on Balls
Batting: RHB Félix Cruz 0-0: Ball
1-0: Ball
2-0: Grounds into double play, 5-4-3 (Groundball, 5)
Batting: LHB Al Gaines 0-0: Ground out 4-3 (Groundball, 4)
Bottom of the 3rd over - 0 run(s), 0 hit(s), 0 error(s), 0 left on base; Dunedin 2 - Montgomery 2
TOP OF THE 4TH
Dunedin Blue Jays batting - Pitching for Montgomery Grey Sox : LHP Orlando Costa
Batting: LHB Roberto Félix 0-0: Ball
1-0: Foul Ball, location: 2F
1-1: Ball
2-1: Ball
3-1: Called Strike
3-2: Strikes out swinging
Batting: RHB Rafael Carreón 0-0: Ball
1-0: SINGLE (Groundball, 5L)
Batting: LHB Guy Moss 0-0: Ball
1-0: Swinging Strike
1-1: DOUBLE (Groundball, 3L)
Rafael Carreón to third
Batting: RHB David Castillo 0-0: Fly out, F9 (Popup, 89S)
Batting: RHB Keith Ivey 0-0: Called Strike
0-1: Foul Ball, location: 2F
0-2: Ball
1-2: Ball
2-2: Strikes out swinging
Top of the 4th over - 0 run(s), 2 hit(s), 0 error(s), 2 left on base; Dunedin 2 - Montgomery 2
BOTTOM OF THE 4TH
Montgomery Grey Sox batting - Pitching for Dunedin Blue Jays : RHP Firmino Orsi
Batting: RHB Bob Johnson 0-0: Called Strike
0-1: Ground out 5-3 (Groundball, 5L)
Batting: SHB Hoyt Norris 0-0: Foul Ball, location: 2F
0-1: Ball
1-1: Ball
2-1: SINGLE (Groundball, 5D)
Batting: SHB Joe Pierce 0-0: Ball
1-0: Ball
2-0: Called Strike
2-1: Fielders Choice at 2nd, 6-4 (Groundball, 6M)
Batting: RHB José Carlos Caraballo 0-0: Foul Ball, location: 2F
0-1: Ball
1-1: Ground out 1-3 (Groundball, 23)
Bottom of the 4th over - 0 run(s), 1 hit(s), 0 error(s), 1 left on base; Dunedin 2 - Montgomery 2
TOP OF THE 5TH
Dunedin Blue Jays batting - Pitching for Montgomery Grey Sox : LHP Orlando Costa
Batting: RHB Gilberto Tovar 0-0: Ball
1-0: Fly out, F9 (Flyball, 89M)
Batting: RHB Fernando Bórquez 0-0: Foul Ball, location: 2F
0-1: Fly out, F7 (Line Drive, 78M)
Batting: RHB José Murillo 0-0: Ball
1-0: Ball
2-0: Ball
3-0: Called Strike
3-1: Base on Balls
Batting: SHB Richard Griffin 0-0: Called Strike
0-1: Ball
1-1: Ball
2-1: Ball
3-1: Foul Ball, location: 2F
3-2: DOUBLE (Line Drive, 89M)
José Murillo to third
José Murillo scores
Batting: LHB Roberto Félix 0-0: Called Strike
0-1: Fly out, F8 (Flyball, 8LM)
Top of the 5th over - 1 run(s), 1 hit(s), 0 error(s), 1 left on base; Dunedin 3 - Montgomery 2
BOTTOM OF THE 5TH
Montgomery Grey Sox batting - Pitching for Dunedin Blue Jays : RHP Firmino Orsi
Batting: RHB Sergio Gonzáles 0-0: SINGLE (Line Drive, 9LS)
Batting: RHB José Montoya 0-0: Ball
1-0: Fielders Choice at 2nd, 1-6 (Groundball, 13S)
Batting: RHB Rusty Downy 0-0: Ball
1-0: Swinging Strike
1-1: Called Strike
1-2: Ball
2-2: Ball
3-2: Base on Balls
José Montoya to second
Pitching: RHP Cliff Wolfe
Batting: RHB Félix Cruz 0-0: Ball
1-0: Called Strike
1-1: Foul Ball, location: 2F
1-2: Strikes out swinging
Batting: LHB Al Gaines 0-0: Ball
1-0: Ball
2-0: Ball
3-0: Called Strike
3-1: Swinging Strike
3-2: Strikes out swinging
Bottom of the 5th over - 0 run(s), 1 hit(s), 0 error(s), 2 left on base; Dunedin 3 - Montgomery 2
TOP OF THE 6TH
Dunedin Blue Jays batting - Pitching for Montgomery Grey Sox : LHP Orlando Costa
Batting: RHB Rafael Carreón 0-0: Foul Ball, location: 2F
0-1: Foul Ball, location: 2F
0-2: Fly out, F2 (Popup, 2R)
Pitching: RHP Dan Gibson
Batting: LHB Guy Moss 0-0: Ball
1-0: Called Strike
1-1: Called Strike
1-2: Ball
2-2: Ball
3-2: Foul Ball, location: 2F
3-2: Foul Ball, location: 2F
3-2: SINGLE (Groundball, 34)
Batting: RHB David Castillo 0-0: Ball
Guy Moss steals 2nd base
1-0: Intentional Walk
Batting: RHB Keith Ivey 0-0: Ball
1-0: Ball
2-0: Ball
3-0: Base on Balls
Guy Moss to third
David Castillo to second
Batting: RHB Gilberto Tovar 0-0: DOUBLE (Flyball, 7LM)
Guy Moss scores
David Castillo scores
Keith Ivey to third
Batting: RHB Fernando Bórquez 0-0: Fly out, F9 (Line Drive, 89S)
Pitching: RHP Paulino Talone
Batting: RHB José Murillo 0-0: Ball
1-0: Ball
2-0: Ground out 6-3 (Groundball, 6)
Top of the 6th over - 2 run(s), 2 hit(s), 0 error(s), 2 left on base; Dunedin 5 - Montgomery 2
BOTTOM OF THE 6TH
Montgomery Grey Sox batting - Pitching for Dunedin Blue Jays : RHP Cliff Wolfe
Batting: RHB Bob Johnson 0-0: Called Strike
0-1: Swinging Strike
0-2: Ball
1-2: Foul Ball, location: 2F
1-2: Ball
2-2: Strikes out swinging
Batting: SHB Hoyt Norris 0-0: Fly out, F5 (Popup, 5L)
Batting: SHB Joe Pierce 0-0: DOUBLE (Line Drive, 5L)
Batting: RHB José Carlos Caraballo 0-0: Swinging Strike
0-1: Ball
1-1: Foul Ball, location: 2F
1-2: Ground out 4-3 (Groundball, 4)
Bottom of the 6th over - 0 run(s), 1 hit(s), 0 error(s), 1 left on base; Dunedin 5 - Montgomery 2
TOP OF THE 7TH
Dunedin Blue Jays batting - Pitching for Montgomery Grey Sox : RHP Paulino Talone
Batting: SHB Richard Griffin 0-0: Called Strike
0-1: Called Strike
0-2: Ground out 1-3 (Groundball, 15S)
Batting: LHB Roberto Félix 0-0: Ball
1-0: Called Strike
1-1: SINGLE (Groundball, 34D)
Batting: RHB Rafael Carreón 0-0: Ball
1-0: Ball
2-0: Foul Ball, location: 2F
2-1: Ball
3-1: Fly out, F6 (Popup, 6M)
Batting: LHB Guy Moss 0-0: Ball
1-0: Fly out, F3 (Popup, 3F)
Top of the 7th over - 0 run(s), 1 hit(s), 0 error(s), 1 left on base; Dunedin 5 - Montgomery 2
BOTTOM OF THE 7TH
Montgomery Grey Sox batting - Pitching for Dunedin Blue Jays : RHP Cliff Wolfe
Pitching: RHP George Floyd
Batting: RHB Sergio Gonzáles 0-0: Called Strike
0-1: Ball
1-1: Foul Ball, location: 2F
1-2: Reached on error, E3 (Groundball, 3S)
Batting: RHB José Montoya 0-0: Called Strike
0-1: Ball
1-1: Ball
2-1: Called Strike
Sergio Gonzáles is caught stealing 2nd base
2-2: Ball
3-2: Base on Balls
Batting: RHB Rusty Downy 0-0: Ball
1-0: Ball
2-0: Called Strike
2-1: Ball
3-1: Base on Balls
José Montoya to second
Batting: RHB Félix Cruz 0-0: Called Strike
José Montoya steals 3rd base
Rusty Downy to second
0-1: Ball
1-1: Ball
2-1: SINGLE (Flyball, 78S)
José Montoya scores
Rusty Downy to third
Batting: LHB Al Gaines 0-0: Ball
1-0: Ball
2-0: Ball
3-0: Swinging Strike
3-1: Fly out, F9 (Flyball, 9M)
Runner from 3rd tags up, SCORES, no throw
Pitching: LHP Manuel Santiago
Batting: RHB Bob Johnson 0-0: Ball
1-0: Ball
Félix Cruz steals 2nd base
2-0: Ball
3-0: Called Strike
3-1: Swinging Strike
3-2: Foul Ball, location: 2F
3-2: Foul Ball, location: 2F
3-2: Ground out 6-3 (Groundball, 6)
Bottom of the 7th over - 2 run(s), 1 hit(s), 1 error(s), 1 left on base; Dunedin 5 - Montgomery 4
TOP OF THE 8TH
Dunedin Blue Jays batting - Pitching for Montgomery Grey Sox : RHP Paulino Talone
Batting: RHB David Castillo 0-0: Ball
1-0: Ground out 5-3 (Groundball, 56)
Batting: RHB Keith Ivey 0-0: Ball
1-0: Swinging Strike
1-1: Ball
2-1: Called Strike
2-2: Ball
3-2: Foul Ball, location: 2F
3-2: Base on Balls
Batting: RHB Gilberto Tovar 0-0: Called Strike
0-1: Foul Ball, location: 2F
0-2: Ball
1-2: Foul Ball, location: 2F
1-2: Ball
2-2: SINGLE (Groundball, 6M)
Keith Ivey to second
Runner from 2nd tries for 3rd, SAFE, throw made to third
Batting: RHB Fernando Bórquez 0-0: Foul Ball, location: 2F
0-1: Fly out, F6 (Popup, 56D)
Batting: RHB José Murillo 0-0: DOUBLE (Flyball, 8RXD)
Keith Ivey scores
Gilberto Tovar to third
Runner from 3rd tries for Home, SAFE, no throw or cutoff
Pitching: LHP José Mercado
Batting: SHB Richard Griffin 0-0: Swinging Strike
0-1: Called Strike
0-2: Ball
1-2: Foul Ball, location: 2F
1-2: Strikes out swinging
Top of the 8th over - 2 run(s), 2 hit(s), 0 error(s), 1 left on base; Dunedin 7 - Montgomery 4
BOTTOM OF THE 8TH
Montgomery Grey Sox batting - Pitching for Dunedin Blue Jays : LHP Manuel Santiago
Batting: SHB Hoyt Norris 0-0: Foul Ball, location: 2F
0-1: Ball
1-1: Foul Ball, location: 2F
1-2: Ball
2-2: Foul Ball, location: 2F
2-2: Ball
3-2: Foul Ball, location: 2F
3-2: Foul Ball, location: 2F
3-2: Base on Balls
Batting: SHB Joe Pierce 0-0: Called Strike
0-1: Swinging Strike
0-2: Ball
1-2: Ball
Pickoff Throw by Catcher to First - Out!
2-2: Ball
3-2: Strikes out swinging
Batting: RHB José Carlos Caraballo 0-0: Foul Ball, location: 2F
0-1: Ball
1-1: Ball
2-1: Ball
3-1: Foul Ball, location: 2F
3-2: Strikes out swinging
Bottom of the 8th over - 0 run(s), 0 hit(s), 0 error(s), 0 left on base; Dunedin 7 - Montgomery 4
TOP OF THE 9TH
Dunedin Blue Jays batting - Pitching for Montgomery Grey Sox : LHP José Mercado
Batting: LHB Roberto Félix 0-0: Ball
1-0: Ball
2-0: Called Strike
2-1: Ball
3-1: Swinging Strike
3-2: Strikes out swinging
Batting: RHB Rafael Carreón 0-0: Ball
1-0: Ball
2-0: Swinging Strike
2-1: Foul Ball, location: 2F
2-2: Foul Ball, location: 2F
2-2: SOLO HOME RUN (Flyball, 9D), Distance : 379 ft
Batting: LHB Guy Moss 0-0: Ball
1-0: Foul Ball, location: 2F
1-1: Ground out 6-3 (Groundball, 6M)
Batting: RHB David Castillo 0-0: Called Strike
0-1: Ball
1-1: Foul Ball, location: 2F
1-2: Strikes out swinging
Top of the 9th over - 1 run(s), 1 hit(s), 0 error(s), 0 left on base; Dunedin 8 - Montgomery 4
BOTTOM OF THE 9TH
Montgomery Grey Sox batting - Pitching for Dunedin Blue Jays : LHP Manuel Santiago
Batting: RHB Sergio Gonzáles 0-0: Ball
1-0: Ball
2-0: Ground out 6-3 (Groundball, 56)
Batting: RHB José Montoya 0-0: Called Strike
0-1: Foul Ball, location: 2F
0-2: Foul Ball, location: 2F
0-2: Ball
1-2: Ball
2-2: Ground out 6-3 (Groundball, 6)
Pitching: RHP Ralph Miller
Batting: RHB Rusty Downy 0-0: Ball
1-0: Swinging Strike
1-1: Ball
2-1: Foul Ball, location: 2F
2-2: Fly out, F9 (Flyball, 89M)
Bottom of the 9th over - 0 run(s), 0 hit(s), 0 error(s), 0 left on base; Dunedin 8 - Montgomery 4
Monday, December 5th, 2016 - OOTP Baseball 17.12 Build 75